 Dungeon Sprint DCSS version 0.17-a0-1450-g7e755d1 (webtiles) character file.

1922 shklvsk the Carver (level 8, -4/58 HPs)
             Began as a Demonspawn Abyssal Knight on June 30, 2015.
             Was the Champion of Lugonu.
             Slain by a death yak (18 damage)
             ... in the Dungeon (Sprint IX: "|||||||||||||||||||||||||||||").
             The game lasted 00:03:26 (1335 turns).

shklvsk the Carver (Demonspawn Abyssal Knight)      Turns: 1335, Time: 00:03:26

Health: -4/58      AC: 17    Str: 17    XL:     8   Next: 96%
Magic:  15/16      EV: 10    Int: 14    God:    Lugonu [******]
Gold:   0          SH:  0    Dex: 13    Spells: 0 memorised, 7 levels left

rFire  . . .     SeeInvis .     n - +2 scimitar (flame)
rCold  . . .     Clarity  .     t - +0 plate armour
rNeg   . . .     SustAt   .     (no shield)
rPois  .         Gourm    .     (no helmet)
rElec  .         Spirit   .     o - +0 cloak
rCorr  .         Warding  .     (no gloves)
rMut   .         NoTele   +     (no boots)
MR     .....                    (no amulet)
Stlth  ..........               q - +3 ring of strength
                                b - +2 ring of evasion

@: not resistant to hostile enchantments, extremely unstealthy
A: thin metallic scales 1, spiny 2, rot immunity
a: Bend Space, Banish, Corrupt, Renounce Religion


You were in the Dungeon.
You worshipped Lugonu.
Lugonu was exalted by your worship.
You were not hungry.

You visited 1 branch

Inventory:

Hand weapons
 a - a +1 falchion
 m - a +2 dire flail of protection
 n - a +2 scimitar of flaming (weapon)
Armour
 o - a +0 cloak (worn)
 t - a +0 plate armour (worn)
Jewellery
 b - a +2 ring of evasion (left hand)
 q - a +3 ring of strength (right hand)
Magical devices
 l - a wand of draining (7)
Scrolls
 i - 2 scrolls of blinking
 j - 3 scrolls of remove curse
 k - 2 scrolls of amnesia
 u - a scroll of recharging
 v - a scroll of fear
 w - a scroll of fog
 x - 2 scrolls of enchant armour
 y - 2 scrolls of enchant weapon
Potions
 d - 7 potions of curing
 e - 3 potions of heal wounds
 f - a potion of haste
 g - 4 potions of magic
 h - 3 potions of invisibility
 r - 2 potions of cure mutation
 s - a potion of might


   Skills:
 - Level 3.0 Fighting
 * Level 12.1 Long Blades
 + Level 9.3 Armour
 + Level 6.2 Dodging
 + Level 3.0 Stealth
 + Level 11.4 Invocations


You had 7 spell levels left.
You didn't know any spells.

Dungeon Overview and Level Annotations

Branches:
Dungeon (1/1)

Altars:
Cheibriados
Dithmenos
Elyvilon
Fedhas
Gozag
Kikubaaqudgha
Makhleb
Nemelex Xobeh
Okawaru
Qazlal
Ru
Sif Muna
Trog
Vehumet
Xom
Yredelemnul
Zin
The Shining One
Beogh
Jiyva
Lugonu


Innate Abilities, Weirdness & Mutations

You are partially covered in thin metallic scales (AC +2).
You are mostly covered in sharp spines.
You are immune to rotting.


Message History

The death yak gores you!!
You slash the death yak! You burn the death yak.
The death yak is heavily wounded.
You hit the death yak. You burn the death yak.
The death yak is heavily wounded.
The death yak gores you!
* * * LOW HITPOINT WARNING * * *
You barely miss the death yak.
The death yak is heavily wounded.
The death yak gores you but does no damage.
Use which ability? (? or * to list) Space bends around you!
You blink.
* * * LOW HITPOINT WARNING * * *
You feel slightly more hungry. The death yak completely misses you.
You hit the death yak. You burn the death yak.
The death yak is heavily wounded.
You hit the death yak. You burn the death yak.
The death yak is severely wounded.
The death yak gores you!!
You die...

▓▓▓▓▓▓▓▓▓▓▓▓▓▓▓▓▓▓▓▓▓▓▓
......(†.†.[†..Y@.....+
▓▓▓▓▓▓▓▓▓▓▓▓▓▓▓▓▓▓▓▓▓▓▓▓▓▓▓▓▓▓▓▓▓
.................................
▓▓▓▓▓▓▓▓▓▓▓▓▓▓▓▓▓▓▓▓▓▓▓▓▓▓▓▓▓▓▓▓▓
..).....'_____________________')(
▓▓▓▓▓▓▓▓▓▓▓▓▓▓▓▓▓▓▓▓▓▓▓▓▓▓▓▓▓▓▓▓▓


You could see a death yak.

Vanquished Creatures
  A blink frog (D)
  A trapdoor spider (D)
  A yak (D)
  2 hippogriffs (D)
  A water moccasin (D)
  A porcupine (D)
  2 centaurs (D)
  2 big kobolds (D)
  A crocodile (D)
  A giant frog (D)
  2 iguanas (D)
  A worker ant (D)
  A sheep (D)
  A giant gecko (D)
  An orc (D)
  A bat (D)
  A bat skeleton (D)
  A hobgoblin (D)
  A giant cockroach (D)
  A kobold (D)
  3 rats (D)
27 creatures vanquished.

Vanquished Creatures (others)
  A hill giant (D)
  A gargoyle (D)
  An orc warrior (D)
3 creatures vanquished.

Grand Total: 30 creatures vanquished

Notes
Turn   | Place    | Note
--------------------------------------------------------------
     0 | D        | shklvsk the Demonspawn Abyssal Knight began the quest for the Orb.
     0 | D        | Reached XP level 1. HP: 18/18 MP: 2/2
     6 | D        | Reached skill level 1 in Dodging
    15 | D        | Acquired Lugonu's second power
   259 | D        | Noticed a worker ant
   264 | D        | Killed a worker ant
   264 | D        | Acquired Lugonu's third power
   264 | D        | Reached skill level 4 in Long Blades
   264 | D        | Gained mutation: You are partially covered in sharp spines. [demonic ancestry]
   264 | D        | Reached XP level 2. HP: 24/24 MP: 2/4
   265 | D        | Gained mutation: You are mostly covered in sharp spines. [demonic ancestry]
   265 | D        | Reached XP level 3. HP: 29/29 MP: 2/5
   271 | D        | Acquired Lugonu's fourth power
   301 | D        | Found a glowing silver altar of Zin.
   301 | D        | Found a glowing golden altar of the Shining One.
   301 | D        | Found an ancient bone altar of Kikubaaqudgha.
   301 | D        | Found a basalt altar of Yredelemnul.
   301 | D        | Found a shimmering altar of Xom.
   301 | D        | Found a radiant altar of Vehumet.
   302 | D        | Found an iron altar of Okawaru.
   303 | D        | Found a burning altar of Makhleb.
   304 | D        | Found a deep blue altar of Sif Muna.
   305 | D        | Found a bloodstained altar of Trog.
   306 | D        | Found a sparkling altar of Nemelex Xobeh.
   307 | D        | Found a white marble altar of Elyvilon.
   308 | D        | Found a roughly hewn altar of Beogh.
   309 | D        | Found a viscous altar of Jiyva.
   310 | D        | Found a corrupted altar of Lugonu.
   311 | D        | Found a blossoming altar of Fedhas.
   312 | D        | Found a snail-covered altar of Cheibriados.
   313 | D        | Found a shadowy altar of Dithmenos.
   314 | D        | Found a stormy altar of Qazlal.
   315 | D        | Found an opulent altar of Gozag.
   316 | D        | Found a sacrificial altar of Ru.
   374 | D        | Noticed a yak
   374 | D        | Noticed a hippogriff
   374 | D        | Noticed an orc warrior
   374 | D        | Noticed a centaur
   374 | D        | Noticed a big kobold
   382 | D        | Killed a yak
   382 | D        | Reached skill level 7 in Long Blades
   382 | D        | Reached skill level 5 in Armour
   382 | D        | Reached skill level 5 in Invocations
   382 | D        | Reached XP level 4. HP: 21/35 MP: 5/8
   382 | D        | Gained mutation: You are partially covered in thin metallic scales (AC +2). [demonic ancestry]
   382 | D        | Reached XP level 5. HP: 24/41 MP: 5/9
   572 | D        | Killed a hippogriff
   572 | D        | Reached skill level 8 in Long Blades
   572 | D        | Reached skill level 1 in Stealth
   572 | D        | Reached XP level 6. HP: 38/47 MP: 9/11
   579 | D        | Banished an orc warrior
   584 | D        | Killed a centaur
   584 | D        | Reached skill level 9 in Long Blades
   598 | D        | Killed a big kobold
   598 | D        | Acquired Lugonu's fifth power
   824 | D        | Noticed a water moccasin
   824 | D        | Noticed a gargoyle
   824 | D        | Noticed a hill giant
   824 | D        | Noticed a big kobold
   824 | D        | Noticed a centaur
   824 | D        | Noticed a trapdoor spider
   831 | D        | Killed a water moccasin
   831 | D        | Reached XP level 7. HP: 52/52 MP: 11/13
   832 | D        | Banished a gargoyle
   832 | D        | Reached skill level 10 in Long Blades
   832 | D        | Reached skill level 5 in Dodging
   833 | D        | Banished a hill giant
   841 | D        | Killed a big kobold
   841 | D        | Reached skill level 11 in Long Blades
   841 | D        | Gained mutation: You are immune to rotting. [demonic ancestry]
   841 | D        | Reached XP level 8. HP: 51/58 MP: 4/15
   844 | D        | Killed a centaur
   855 | D        | Killed a trapdoor spider
   855 | D        | Reached skill level 10 in Invocations
  1160 | D        | Noticed an iguana
  1160 | D        | Noticed a hippogriff
  1160 | D        | Noticed a crocodile
  1160 | D        | Noticed a blink frog
  1160 | D        | Noticed a giant frog
  1160 | D        | Noticed an iguana
  1162 | D        | Killed an iguana
  1168 | D        | Killed a hippogriff
  1172 | D        | Killed a crocodile
  1173 | D        | Noticed a porcupine
  1173 | D        | Killed a giant frog
  1177 | D        | Killed a blink frog
  1177 | D        | Reached skill level 12 in Long Blades
  1178 | D        | Killed an iguana
  1184 | D        | Killed a porcupine
  1321 | D        | Noticed a death yak
  1335 | D        | Slain by a death yak

Vault maps used:
D:        linesprint

Action                   |  1- 3 |  4- 6 |  7- 9 || total
-------------------------+-------+-------+-------++-------
Melee: Falchion          |    37 |    30 |    15 ||    82
       Scimitar          |       |       |    28 ||    28
Invok: Bend Space        |       |     1 |     1 ||     2
       Banish            |       |     1 |     2 ||     3
  Use: Potion            |     1 |       |       ||     1
  Eat: Bread ration      |       |       |     1 ||     1
